 Dungeon Crawl Stone Soup version 0.30.0-15-g856e2d3f33 (webtiles) character file.

Game seed: 3341292418363330795

112572 meatpath the Warrior (level 16, -10/116 HPs)
             Began as a Gargoyle Fighter on May 17, 2023.
             Was the Champion of the Shining One.
             Killed from afar by Nikola (85 damage)
             ... with an arc of chain lightning
             ... on level 2 of the Snake Pit on May 18, 2023.
             The game lasted 01:03:00 (23658 turns).

meatpath the Warrior (Gargoyle Fighter)            Turns: 23658, Time: 01:03:02

Health: -10/116    AC: 32    Str: 24    XL:     16   Next: 60%
Magic:  29/29      EV: 13    Int: 11    God:    the Shining One [******]
Gold:   834        SH: 22    Dex: 11    Spells: 15/15 levels left

rFire   . . .        D - +1 sacred scourge (holy)
rCold   . . .        f - +1 kite shield {AC+3}
rNeg    + + +        I - +0 plate armour
rPois   ∞            (no helmet)
rElec   +            K - +0 cloak
rCorr   .            u - +0 pair of gloves
SInv    .            r - +0 pair of boots
Will    +....        y - amulet of faith Stlth
                     v - +5 ring of evasion
HPRegen 0.39/turn    C - +4 ring of slaying
MPRegen 0.21/turn

%: faith
@: divinely shielded, flying, glowing, studying Throwing
A: sickness immunity, AC +12, big wings, negative energy resistance 1,
electricity resistance, torment resistance 1, petrification resistance, high MP
1, wild magic 1
a: Renounce Religion, Divine Shield, Cleansing Flame, Summon Divine Warrior


You were on level 2 of the Snake Pit.
You worshipped the Shining One.
The Shining One was exalted by your worship.
You visited 3 branches of the dungeon, and saw 22 of its levels.
You visited the Abyss 1 time.
You also visited: Gauntlet.

You collected 1714 gold pieces.
You spent 880 gold pieces at shops.

Inventory:

Hand Weapons
 D - a +1 sacred scourge of holy wrath (weapon)
 M - a +6 heavy eveningstar
Armour
 f - a +1 kite shield of protection (worn)
 r - a +0 pair of boots (worn)
 u - a +0 pair of gloves (worn)
 I - a +0 plate armour (worn)
 K - a +0 cloak (worn)
 L - a scarf of shadows
Jewellery
 d - a ring of protection from fire
 v - a +5 ring of evasion (left hand)
 y - an amulet of faith (around neck)
 A - an amulet of reflection
 C - a +4 ring of slaying (right hand)
 O - an amulet of regeneration
 X - a ring of resist corrosion
Wands
 a - a wand of paralysis (9)
 i - a wand of mindburst (14)
 p - a wand of polymorph (13)
 J - a wand of iceblast (13)
 Q - a wand of light (5)
Scrolls
 h - a scroll of silence
 j - 4 scrolls of fear
 m - 5 scrolls of fog
 n - 2 scrolls of brand weapon
 q - 4 scrolls of poison
 s - 9 scrolls of enchant armour
 x - 4 scrolls of summoning
 G - 4 scrolls of magic mapping
 H - a scroll of amnesia
 P - 2 scrolls of noise
 T - 4 scrolls of blinking
Potions
 b - a potion of invisibility
 e - 7 potions of lignification
 g - 2 potions of magic
 k - 5 potions of curing
 o - 3 potions of cancellation
 t - 5 potions of ambrosia
 w - 5 potions of attraction
 E - 2 potions of brilliance
 N - 2 potions of mutation
 R - a potion of berserk rage
Miscellaneous
 U - a box of beasts
 V - a phantom mirror
 Y - a condenser vane
 Z - a piece from Xom's chessboard (15/15)


   Skills:
 + Level 19.3 Fighting
 - Level 16.0 Maces & Flails
 - Level 8.3 Armour
 - Level 6.9 Dodging
 + Level 6.2 Shields
 - Level 14.5 Invocations


You had 15 spell levels left.
You didn't know any spells.
Your spell library contained the following spells:

 Spells                   Type           Power      Damage    Failure   Level
 Apportation              Tloc           0%         N/A       100%        1
 Sandblast                Erth           0%         2d4       100%        1
 Slow                     Hex            0%         N/A       100%        1
 Passwall                 Tmut/Erth      0%         N/A       100%        2
 Confusing Touch          Hex            0%         N/A       100%        3
 Frozen Ramparts          Ice            0%         1d1       100%        3
 Ignite Poison            Fire/Tmut/Pois 0%         N/A       100%        3
 Portal Projectile        Hex/Tloc       0%         N/A       100%        3
 Stone Arrow              Conj/Erth      0%         3d7       100%        3
 Tukima's Dance           Hex            0%         N/A       100%        3
 Vampiric Draining        Necr           0%         2d6       100%        3
 Vhi's Electric Charge    Tloc/Air       0%         N/A       100%        3
 Volatile Blastmotes      Fire/Tloc      0%         2d10      100%        3
 Fulminant Prism          Conj/Hex       0%         3d5       100%        4
 Ice Form                 Ice/Tmut       0%         N/A       100%        4
 Iskenderun's Mystic Bla  Conj/Tloc      0%         2d3       100%        4
 Manifold Assault         Tloc           0%         N/A       100%        4
 Summon Ice Beast         Ice/Summ       0%         N/A       100%        4
 Alistair's Intoxication  Tmut/Pois      0%         N/A       100%        5
 Arcjolt                  Conj/Air       0%         1d10      100%        5
 Blade Hands              Tmut           0%         N/A       100%        5
 Freezing Cloud           Conj/Ice/Air   0%         6-21      100%        5
 Lee's Rapid Deconstruct  Erth           0%         3d4*      100%        5
 Dispersal                Tloc           0%         N/A       100%        6
 Plasma Beam              Fire/Air       0%         2x1d11    100%        6
 Disjunction              Tloc           0%         N/A       100%        8
 Maxwell's Capacitive Co  Air            0%         ∞         100%        8
 Cigotuvi's Dreadful Rot  Necr/Pois/Air  Unusable   N/A       N/A         2

Dungeon Overview and Level Annotations

Branches:
Dungeon (14/15)            Temple (0/1) D:6            Lair (5/5) D:9
  Swamp (0/4) Lair:2        Snake (3/4) Lair:2        Slime (0/5) Lair:5
    Orc (0/2) D:10         Vaults (0/5) D:13        Gauntlet (visited)

Altars:
Ashenzari
Dithmenos
Nemelex Xobeh
Okawaru
Ru
Wu Jian
The Shining One
Jiyva

Shops:
D:8 [   D:9 *   Snake:2 !=((

Annotations:
D:5 Duvessa
D:14 Louise
Snake:1 Roxanne
Snake:2 Aizul, Nikola, Vashnia


Innate Abilities, Weirdness & Mutations

You are immune to sickness and miasma.
Your stone body is resilient. (AC +12)
You are immune to poison.
Your large and strong wings let you fly.
You resist negative energy. (rN+)
You are resistant to electric shocks. (rElec)
You are resistant to unholy torment.
You are immune to petrification.
You have an increased reservoir of magic. (+10% MP)
Your spells are a little harder to cast, but a little more powerful.


Message History

You thrash the naga!!
You kill the naga!
You block Aizul's attack. You block Nikola's attack.
You thrash Nikola!!
Nikola is moderately wounded.
Aizul casts a spell at you.
The bolt of poison hits you but does no damage.
You resist.
You hit Nikola but do no damage.
Nikola is moderately wounded.
Aizul coils herself and waves her upper body at you.
The poison arrow hits you. You partially resist. You block Nikola's attack.
You hit Nikola.
Nikola is moderately wounded.
You block Aizul's attack. You block Nikola's attack.
You whack Nikola!
Nikola is heavily wounded.
Aizul completely misses you.
You whack Nikola!
Nikola is heavily wounded.
You block Aizul's attack.
Nikola gestures wildly while chanting.
Lightning arcs from Nikola's hands!
The bolt of lightning hits you!! You resist.
A bolt of lightning appears from out of thin air!
The bolt of lightning hits Nikola.
The bolt of lightning hits Aizul!!
You hit Nikola.
Nikola is heavily wounded.
You block Aizul's attack.
You whack Nikola!
Nikola is heavily wounded.
Nikola hits you but does no damage. Aizul barely misses you.
You whack Nikola!
Nikola is severely wounded.
You block Aizul's attack.
Nikola mumbles some strange words.
Lightning arcs from Nikola's hands!
The bolt of lightning hits you!!!! You resist.
Ouch! That really hurt!
You die...

##..######....#.###.
##..####......##.##..
##..####....)..#.##.##
##..####.......##...##
#..####..##....##...#
#
#.####..####..##....#
# #.#
#..####.####....###
#.# #.S#
#..####.....## #.#
#)@###.............
#(#
#@###.........#....
#.# #.#
#........###... #.#
#.###.......####...
#.#
#.##..###..####....
##.# #.##..# ##.#
#..... #..###.##..#
#.# #.....
#..##..##..## #.#
#..... #..##..##...#
#.###.....


You could see Nikola and Aizul.

Vanquished Creatures
  2 tentacled starspawn (Abyss:2)
  Frances (D:13)
  Agnes (D:14)
  2 deep elf sorcerers (Abyss:2)
  Nessos (D:13)
  A dire elephant (Lair:5)
  A minotaur (Gauntlet)
  Snorg (Lair:4)
  5 hydras
  Erica (Lair:1)
  A catoblepas (Lair:5)
  3 anacondas
  3 centaur warriors
  4 boulder beetles
  A deep troll shaman (Lair:5)
  4 naga warriors
  3 two-headed ogres
  Urug (Lair:2)
  A tengu warrior (Gauntlet)
  15 death yaks
  A shock serpent (Snake:1)
  6 naga sharpshooters
  3 thrashing horrors (Abyss:2)
  A hell knight (Abyss:2)
  3 skysharks (Lair:4)
  A salamander mystic (Snake:2)
  A fire crab (Lair:4)
  Lodul (D:12)
  A fire crab (shapeshifter) (D:13)
  Amaemon (D:8)
  A death drake (shapeshifter) (D:13)
  A naga ritualist (Snake:1)
  2 mana vipers (Snake:1)
  An orc sorcerer (Abyss:2)
  2 cyclopes
  3 ugly things
  3 salamanders
  Maurice (D:9)
  A manticore (D:12)
  5 large abominations (Abyss:2)
  13 black mambas
  32 elephants
  2 naga magi
  An apocalypse crab (Abyss:2)
  A molten gargoyle (Lair:5)
  5 torpor snails
  An unseen horror (Abyss:2)
  A hellion (Abyss:2)
  2 gargoyles
  An orange demon (D:8)
  11 cane toads
  A smoke demon (Abyss:2)
  3 kobold demonologists
  10 komodo dragons
  4 rime drakes
  An ancient zyme (Abyss:2)
  A tengu conjurer (Gauntlet)
  12 trolls
  A tyrant leech (shapeshifter) (D:13)
  2 hornets
  3 polar bears
  10 raiju (Abyss:2)
  6 dream sheep (Lair:4)
  Prince Ribbit (D:8)
  13 blink frogs
  6 slime creatures
  A flying skull (Abyss:2)
  A shadow (D:11)
  5 wyverns
  48 yaks
  A ynoxinul (Abyss:2)
  5 wraiths
  14 basilisks
  Grum (D:8)
  A steam dragon (Lair:2)
  A vampire mosquito (D:8)
  23 nagas
  11 water moccasins
  An acid dragon (D:8)
  2 black bears
  2 ice beasts
  7 orc warriors
  4 sky beasts
  8 ogres
  25 wolves
  7 centaurs
  9 bullfrogs
  6 kobold brigands
  A gnoll sergeant (D:10)
  2 small abominations (Abyss:2)
  A scorpion (D:4)
  3 wights (D:8)
  Dowan (D:5)
  15 killer bees
  4 electric eels
  9 howler monkeys
  A jelly (D:7)
  6 hounds
  6 orc priests
  9 starcursed masses (Abyss:2)
  2 gnoll boudas
  A sleepcap (D:6)
  9 iguanas
  18 orc wizards
  6 hell rats
  13 gnolls
  6 adders
  A river rat (D:9)
  A shadow imp (D:6)
  A white imp (D:5)
  An ufetubus (D:5)
  3 worms
  3 dart slugs
  54 orcs
  4 bats
  3 endoplasms
  5 giant cockroaches
  5 goblins
  6 hobgoblins
  3 jackals (D:3)
  3 quokkas
  6 ball pythons
  2 frilled lizards (D:2)
  36 kobolds
  6 rats
674 creatures vanquished.

Vanquished Creatures (others)
  A naga (Snake:3)
  7 starspawn tentacles (Abyss:2)
8 creatures vanquished.

Grand Total: 682 creatures vanquished

Notes
Turn   | Place    | Note
-------+----------+-------------------------------------------
     0 | D:1      | meatpath the Gargoyle Fighter began the quest for the Orb.
     0 | D:1      | Reached XP level 1. HP: 14/14 MP: 1/1
    83 | D:1      | Found a faded altar of an unknown god.
   153 | D:1      | Reached XP level 2. HP: 15/19 MP: 2/2
   577 | D:2      | Reached XP level 3. HP: 24/24 MP: 3/3
  1386 | D:3      | Reached skill level 4 in Fighting
  1388 | D:3      | Reached XP level 4. HP: 29/29 MP: 4/4
  1401 | D:3      | Identified the +2 scale mail of Goisy {rPois}
  1728 | D:3      | You fall into a shaft and drop 1 floor!
  1787 | D:3      | Reached XP level 5. HP: 34/34 MP: 5/5
  2237 | D:4      | Noticed a black bear
  2267 | D:4      | Killed a black bear
  2268 | D:4      | Reached skill level 5 in Fighting
  2268 | D:4      | Reached skill level 5 in Shields
  2268 | D:4      | Reached XP level 6. HP: 26/40 MP: 6/6
  2332 | D:4      | Found an iron altar of Okawaru.
  2333 | D:4      | Found a sacrificial altar of Ru.
  2333 | D:4      | Found a glowing golden altar of the Shining One.
  2369 | D:4      | Found a broken altar of Ashenzari.
  2375 | D:4      | Became a worshipper of the Shining One
  2608 | D:4      | Identified the +8 whip "Gargoyle's Death" {elec, rElec rN++
                  | Dex-3}
  2685 | D:4      | Reached skill level 1 in Dodging
  3010 | D:4      | Reached XP level 7. HP: 43/44 MP: 7/7
  3221 | D:4      | Identified a scroll of acquirement
  3222 | D:4      | Acquired a +1 heavy morningstar
  3231 | D:5      | Entered Level 5 of the Dungeon
  3390 | D:4      | Reached skill level 6 in Fighting
  3574 | D:5      | Reached skill level 5 in Maces & Flails
  3668 | D:5      | Reached * piety under the Shining One
  3825 | D:5      | Found a sparkling altar of Nemelex Xobeh.
  3857 | D:5      | Noticed Duvessa
  3858 | D:5      | Noticed Dowan
  4020 | D:5      | Killed Dowan
  4136 | D:6      | Reached XP level 8. HP: 52/52 MP: 8/8
  4178 | D:6      | Found a staircase to the Ecumenical Temple.
  4269 | D:6      | Found a shadowy altar of Dithmenos.
  4814 | D:7      | Reached skill level 7 in Fighting
  4966 | D:7      | Found an ornate altar of the Wu Jian Council.
  5011 | D:7      | Noticed a two-headed ogre
  5337 | D:7      | Reached XP level 9. HP: 52/58 MP: 9/9
  5467 | D:7      | Reached skill level 5 in Armour
  5608 | D:8      | Noticed Prince Ribbit
  5617 | D:8      | Killed Prince Ribbit
  5618 | D:8      | Reached skill level 8 in Fighting
  5981 | D:8      | Noticed Grum
  5991 | D:8      | Killed Grum
  6129 | D:7      | Reached skill level 9 in Fighting
  6177 | D:8      | Reached ** piety under the Shining One
  6195 | D:8      | Noticed Amaemon
  6199 | D:8      | Killed Amaemon
  6200 | D:8      | Reached XP level 10. HP: 67/67 MP: 10/10
  6200 | D:8      | Noticed an orange demon
  6326 | D:8      | Killed an orange demon
  6354 | D:8      | Reached skill level 10 in Fighting
  6416 | D:8      | Noticed a centaur warrior
  6425 | D:8      | Killed a centaur warrior
  6487 | D:8      | Noticed a centaur warrior
  6497 | D:8      | Killed a centaur warrior
  6498 | D:8      | Reached skill level 1 in Invocations
  6661 | D:8      | Found Qamav's Antique Armour Emporium.
  6890 | D:8      | Noticed a kobold demonologist
  6900 | D:8      | Killed a kobold demonologist
  7008 | D:9      | Reached XP level 11. HP: 71/73 MP: 13/13
  7091 | D:9      | Noticed a death yak
  7092 | D:9      | Noticed a death yak
  7109 | D:9      | Noticed a death yak
  7116 | D:8      | Killed a death yak
  7117 | D:8      | Reached skill level 11 in Fighting
  7117 | D:8      | Reached skill level 10 in Maces & Flails
  7124 | D:9      | Killed a death yak
  7128 | D:9      | Killed a death yak
  7356 | D:9      | Reached skill level 5 in Invocations
  7500 | D:9      | Found the +1 robe of Vines {NoPotionHeal Regen++++}
  7515 | D:9      | Found a staircase to the Lair.
  7552 | D:9      | Noticed a seven-headed hydra
  7562 | D:9      | Killed a seven-headed hydra
  7676 | D:9      | Noticed Maurice
  7676 | D:9      | Reached *** piety under the Shining One
  7680 | D:9      | Killed Maurice
  7684 | D:9      | Reached skill level 12 in Fighting
  7957 | D:9      | Noticed a two-headed ogre
  7969 | D:9      | Killed a two-headed ogre
  8131 | D:9      | Found Pyfeov Nedu's Assorted Antiques.
  8140 | D:9      | Bought a runed scarf for 200 gold pieces
  8395 | D:10     | Entered Level 10 of the Dungeon
  8395 | D:10     | Noticed a centaur warrior
  8431 | D:9      | Killed a centaur warrior
  8432 | D:9      | Reached XP level 12. HP: 47/82 MP: 17/17
  8887 | D:10     | Found a staircase to the Orcish Mines.
  9383 | D:11     | Reached skill level 13 in Fighting
  9574 | D:11     | Noticed a two-headed ogre
  9579 | D:11     | Killed a two-headed ogre
  9642 | D:11     | Noticed a boulder beetle
  9650 | D:11     | Killed a boulder beetle
 10107 | D:11     | Noticed a two-headed ogre
 10111 | D:11     | Killed a two-headed ogre
 10191 | D:11     | Acquired a +1 eveningstar of protection
 10348 | D:12     | Noticed Lodul
 10361 | D:12     | Killed Lodul
 11118 | D:12     | Reached XP level 13. HP: 82/89 MP: 20/20
 11481 | Lair:1   | Entered Level 1 of the Lair of Beasts
 11490 | Lair:1   | Noticed Erica
 11508 | Lair:1   | Killed Erica
 11509 | Lair:1   | Reached skill level 14 in Fighting
 11767 | Lair:1   | Reached skill level 10 in Invocations
 11830 | Lair:1   | Reached **** piety under the Shining One
 12607 | Lair:2   | Noticed Urug
 12634 | Lair:2   | Killed Urug
 13213 | Lair:2   | Found a staircase to the Swamp.
 13276 | Lair:2   | Found a staircase to the Snake Pit.
 13281 | Lair:2   | Reached skill level 15 in Fighting
 13952 | Lair:3   | Gained mutation: Your large and strong wings let you fly.
                  | [Gargoyle growth]
 13952 | Lair:3   | Reached XP level 14. HP: 98/98 MP: 22/22
 15010 | Lair:4   | Reached ***** piety under the Shining One
 15132 | Lair:4   | Noticed Snorg
 15153 | Lair:4   | Killed Snorg
 15491 | Lair:4   | Reached skill level 16 in Fighting
 16110 | Lair:4   | Upgraded the game from 0.30.0-13-g156ef70053 to
                  | 0.30.0-15-g856e2d3f33
 16113 | Lair:5   | Entered Level 5 of the Lair of Beasts
 16242 | Lair:5   | Reached skill level 15 in Maces & Flails
 16466 | Lair:5   | Found a dark tunnel.
 16549 | Lair:5   | Reached XP level 15. HP: 100/105 MP: 25/25
 16928 | Lair:5   | Reached skill level 17 in Fighting
 17467 | Lair:5   | Found a viscous altar of Jiyva.
 17468 | Lair:5   | Found a staircase to the Slime Pits.
 18171 | D:13     | Found a gate leading to a gauntlet.
 18180 | Gauntlet | Entered a Gauntlet
 18180 | Gauntlet | Found a transporter.
 18180 | Gauntlet | Found a transporter.
 18182 | Gauntlet | Found a transporter.
 18184 | Gauntlet | Found a transporter.
 18186 | Gauntlet | Found a large runed translucent door.
 18187 | Gauntlet | Found a large runed translucent door.
 18188 | Gauntlet | Found a transporter.
 18188 | Gauntlet | Found a transporter.
 18196 | Gauntlet | Found a large runed translucent door.
 18196 | Gauntlet | Found a large runed translucent door.
 18196 | Gauntlet | Found a runed translucent door.
 18196 | Gauntlet | Found a runed translucent door.
 18197 | Gauntlet | Found a large runed translucent door.
 18197 | Gauntlet | Found a large runed translucent door.
 18197 | Gauntlet | Found a large runed translucent door.
 18197 | Gauntlet | Found a large runed translucent door.
 18198 | Gauntlet | Found a large runed translucent door.
 18199 | Gauntlet | Found a large runed translucent door.
 18209 | Gauntlet | Found a large runed translucent door.
 18209 | Gauntlet | Found a large runed translucent door.
 18209 | Gauntlet | Found a large runed translucent door.
 18210 | Gauntlet | Found a runed translucent gate.
 18211 | Gauntlet | Found a runed translucent gate.
 18212 | Gauntlet | Found a transporter.
 18213 | Gauntlet | Found a transporter.
 18216 | Gauntlet | Found a runed translucent gate.
 18216 | Gauntlet | Found a transporter.
 18221 | Gauntlet | Found a large runed translucent door.
 18222 | Gauntlet | Found a large runed translucent door.
 18238 | Gauntlet | Found a transporter.
 18281 | Gauntlet | Found a transporter.
 18286 | Gauntlet | Found a transporter.
 18601 | Gauntlet | Identified the amulet "Izuofaes" {Acrobat rElec rC+ rN+}
 18632 | Gauntlet | Identified the +1 hat of Cefalo {-Tele Rampage Int+5}
 18691 | Gauntlet | Identified the +2 short sword of Guebbat {drain, rF+}
 18701 | D:13     | Noticed Frances
 18711 | D:13     | Killed Frances
 18723 | D:13     | an ettin changed into a ghost moth
 18723 | D:13     | Noticed a ghost moth (glowing shapeshifter)
 18724 | D:13     | a ghost moth changed into a tyrant leech
 18729 | D:13     | a satyr changed into a ghost moth
 18729 | D:13     | Noticed a ghost moth (glowing shapeshifter)
 18731 | D:13     | a ghost moth changed into a quicksilver ooze
 19080 | D:13     | Noticed Nessos
 19088 | D:13     | Killed Nessos
 19173 | D:13     | Found a gate to the Vaults.
 19626 | D:14     | Noticed Agnes
 19632 | D:14     | Reached ****** piety under the Shining One
 19635 | D:14     | Noticed Louise
 19646 | D:14     | Killed Agnes
 19650 | Abyss:2  | Cast into level 2 of the Abyss (Louise)
 19724 | Abyss:2  | Noticed a deep elf sorcerer
 19730 | Abyss:2  | Killed a deep elf sorcerer
 19806 | Abyss:2  | Reached skill level 18 in Fighting
 19944 | Abyss:2  | Reached skill level 5 in Dodging
 19959 | Abyss:2  | Reached XP level 16. HP: 86/114 MP: 26/26
 19989 | Abyss:2  | Noticed a tentacled starspawn
 19993 | Abyss:2  | Killed a tentacled starspawn
 20145 | Abyss:2  | Gained mutation: Your body sometimes deteriorates upon
                  | taking damage. [a neqoxec]
 20150 | Abyss:2  | Paralysed by accursed screaming for 1 turns
 20152 | Abyss:2  | Paralysed by accursed screaming for 1 turns
 20224 | Abyss:2  | Noticed a tentacled starspawn
 20246 | Abyss:2  | Killed a tentacled starspawn
 20251 | D:14     | Escaped the Abyss
 20447 | D:13     | Lost mutation: Your body sometimes deteriorates upon taking
                  | damage. [potion of mutation]
 20447 | D:13     | Gained mutation: Your spells are a little harder to cast,
                  | but a little more powerful. [potion of mutation]
 20447 | D:13     | Gained mutation: You have an increased reservoir of magic.
                  | (+10% MP) [potion of mutation]
 20633 | Snake:1  | Entered Level 1 of the Snake Pit
 20912 | Snake:1  | Noticed Roxanne
 21324 | Snake:1  | Reached skill level 19 in Fighting
 21551 | Snake:2  | Found the +3 warlock's mirror {omnireflect}
 21806 | Snake:2  | Found Ytymm's Distillery.
 21809 | Snake:2  | Found Odwuj's Antique Weapon Boutique.
 21809 | Snake:2  | Found Nijaisesm's Jewellery Shop.
 21815 | Snake:2  | Found Cobrarad's Antique Weapon Boutique.
 21839 | Snake:2  | Bought an amulet of faith for 680 gold pieces
 21850 | Snake:2  | Identified a +1 sacred scourge of holy wrath (a -1 demon
                  | whip of venom blessed by the Shining One)
 21850 | Snake:2  | Received a gift from the Shining One
 22618 | Snake:3  | Noticed Aizul
 22619 | Snake:3  | Noticed Nikola
 22661 | Snake:3  | Noticed Vashnia
 23212 | Snake:2  | HP: 4/116 [Vashnia/bolt (16)]
 23658 | Snake:2  | Killed from afar by Nikola

Illustrated notes

Levels and vault maps discovered:
D:1:      dpeg_arrival_refuge, layout_basic,
          hellmonk_ecumenical_altar_arch_garden
D:2:      layout_loops_ring, st_stairs_1
D:3:      layout_rooms
D:4:      layout_loops_ring, nicolae_overflow_quartered_altars, serial_forest,
          infiniplex_forest_lined_4_way, infiniplex_forest_clump_double,
          infiniplex_forest_diagonal, infiniplex_forest_clump_tiny,
          minmay_fountain_box
D:5:      layout_gridville, nemelex_diamond_rough_becter,
          nicolae_nh_ransacked_shop, uniq_duvessa
D:6:      layout_basic, nicolae_overflow_crystal_walls,
          minmay_temple_entry_from_below_a, nrook_pool_corridor,
          minmay_manual_moon
D:7:      layout_gridville, mainiacjoe_overflow_small_starburst
D:8:      layout_cave_pools, serial_shops, nicolae_shop_pleasant_corner_grove,
          minmay_shattered_shrine, uniq_prince_ribbit1, uniq_amaemon, uniq_grum
D:9:      layout_cave_pods, dpeg_lair_monsters, serial_shops, shop,
          hellmonk_guarded_unrand_vines, uniq_maurice
D:10:     layout_cave_pools, david_orc_4
D:11:     layout_grid_maze
D:12:     layout_stronghold, uniq_lodul
D:13:     layout_loops_ring, david_vaults_2, gauntlet_entry_generic,
          uniq_frances, uniq_nessos
D:14:     layout_cave_pools, hex_tiny, uniq_agnes, uniq_louise
Lair:1:   layout_roguey, hangedman_lair_generics_rect, uniq_erica
Lair:2:   layout_small_grid, minmay_swamp_entry_reptiles,
          minmay_snake_entry_guardpost_medium, nicolae_quartered_pool_little,
          uniq_urug
Lair:3:   layout_long_grid, kennysheep_basilisk_garden,
          infiniplex_staircase_pool, grunt_megastairs_3
Lair:4:   nzn_winding_woodlands_small [nzn_winding_woodlands_5x15_default,
          nzn_winding_woodlands_center_lodge, nzn_winding_woodlands_5x15_twine],
          layout_cave_pods, uniq_snorg
Lair:5:   grunt_lair_end_beastmaster, layout_gridlike, slime_entry_1,
          lightli_volcano_entry_magma_tube, hangedman_lair_unloving_vines,
          evilmike_ambush [evilmike_ambush_outer_corners,
          evilmike_ambush_inner_basic], serial_bayou_shore_b,
          serial_bayou_shore_a, grunt_megastairs_2
Snake:1:  layout_onion_interference, uniq_roxanne
Snake:2:  layout_onion, minmay_shoptagon
Snake:3:  layout_gridlike, ebering_ghost_disaster_area, minmay_shop_grove,
          uniq_vashnia, uniq_aizul, uniq_nikola, uniq_asterion, uniq_mara

Skill      XL: |  1  2  3  4  5  6  7  8  9 10 11 12 13 14 15 16 |
---------------+-------------------------------------------------+-----
Fighting       | 4 5 6 7 9 10 12 13 15 16 18 19 | 19.3
Shields        | 4 5 6 |  6.2
Maces & Flails | 3 4 5 6 8 9 11 12 13 15 16 | 16.0
Dodging        | 1 2 3 5 6 |  6.9
Armour         | 4 7 8 |  8.3
Invocations    | 3 6 9 11 13 14 | 14.5

Action                     |  1- 3 |  4- 6 |  7- 9 | 10-12 | 13-15 | 16-18 || total
---------------------------+-------+-------+-------+-------+-------+-------++-------
  Melee: Flail             |   106 |   233 |     5 |       |       |       ||   344
         Morningstar       |       |       |   185 |   255 |       |       ||   440
         Eveningstar       |       |       |       |    44 |   665 |   134 ||   843
         Sacred scourge    |       |       |       |       |       |    86 ||    86
 Invoke: Divine Shield     |       |       |       |     1 |       |     1 ||     2
         Cleansing Flame   |       |       |       |       |       |     3 ||     3
         Summon Divine War |       |       |       |       |       |     1 ||     1
         Brand Weapon With |       |       |       |       |       |     1 ||     1
    Use: Scroll            |     7 |     1 |     7 |    12 |    12 |    10 ||    49
         Potion            |       |     1 |     1 |       |    10 |     8 ||    20
 Armour: Scale mail        |    47 |   224 |   127 |    23 |       |       ||   421
         Chain mail        |    10 |     1 |       |       |       |       ||    11
         Plate armour      |       |       |       |   218 |   460 |   107 ||   785
  Dodge: Dodged            |    40 |   104 |   182 |   234 |   423 |   137 ||  1120
  Block: Buckler           |    23 |    55 |   121 |   228 |   391 |    71 ||   889
         Reflection        |       |       |    10 |     9 |     7 |    12 ||    38
         Other             |       |       |       |       |     2 |       ||     2
         Kite shield       |       |       |       |       |       |    75 ||    75
